 Dungeon Crawl Stone Soup version 0.30-a0-986-g7f2e898f52 (webtiles) character file.

Game seed: 9199413632724161765

261 selver the Carver (level 6, -3/44 HPs)
             Began as a Merfolk Gladiator on Apr 2, 2023.
             Slain by a thrashing horror (4 damage)
             ... on level 1 of the Abyss.
             The game lasted 00:05:56 (2879 turns).

selver the Carver (Merfolk Gladiator)               Turns: 2879, Time: 00:05:56

Health: -3/44      AC:  9    Str: 14    XL:     6   Next: 18%
Magic:  0/6        EV: 12    Int:  7    God:
Gold:   84         SH:  0    Dex: 18    Spells: 5/5 levels left

rFire   . . .      SeeInvis .    a - +0 long sword
rCold   + . .      Faith    .    (no shield)
rNeg    . . .      Spirit   +    m - +0 chain mail
rPois   .          Reflect  .    c - +0 helmet
rElec   .          Rampage  .    (no cloak)
rCorr   .                        (no gloves)
Will    .....                    (no boots) Stlth
                                 r - amulet of guardian spirit
HPRegen 0.27/turn                s - ring of protection from cold
MPRegen 0.10/turn                z - +5 ring of evasion

@: hasted, very quick
A: (nimble swimmer 2), mertail
a: no special abilities


You were on level 1 of the Abyss.
You visited 1 branch of the dungeon, and saw 5 of its levels.
You visited the Abyss 1 time.

You collected 84 gold pieces.

Inventory:

Hand Weapons
 a - a +0 long sword (weapon)
Missiles
 d - 3 throwing nets (quivered)
 e - a javelin
Armour
 b - a +0 leather armour
 c - a +0 helmet (worn)
 m - a +0 chain mail (worn)
Jewellery
 r - an amulet of guardian spirit (around neck)
 s - a ring of protection from cold (left hand)
 z - a +5 ring of evasion (right hand)
Scrolls
 h - a scroll of blinking {unknown}
 j - a scroll of amnesia {unknown}
 l - a scroll of acquirement {unknown}
 n - a scroll of enchant weapon {unknown}
 o - a scroll of fear {unknown}
 t - a scroll of immolation {unknown}
 w - a scroll of fog {unknown}
 x - a scroll of noise {unknown}
 y - a scroll of teleportation {unknown}
Potions
 f - 2 potions of might
 g - a potion of heal wounds {unknown}
 i - a potion of haste
 k - a potion of curing {unknown}
 p - 3 potions of resistance
 q - a potion of mutation
 u - a potion of brilliance
 v - a potion of lignification


   Skills:
 - Level 2.1 Fighting
 + Level 8.1 Long Blades
 - Level 2.0 Throwing
 - Level 4.0 Dodging


You had 5 spell levels left.
You didn't know any spells.
Your spell library contained the following spells:

 Spells                   Type           Power      Damage    Failure   Level
 Sting                    Tmut/Pois      0%         1d3       100%        1
 Poisonous Vapours        Pois/Air       0%         N/A       100%        2
 Olgreb's Toxic Radiance  Pois           0%         N/A       100%        4


Dungeon Overview and Level Annotations

Branches:
Dungeon (5/15)
 Temple: D:4-7

Altars:
Fedhas
Qazlal
Uskayaw


Innate Abilities, Weirdness & Mutations

((You are very nimble when in or above water. (Stealth+, EV+, Speed+++)))
Your lower body shifts to a powerful aquatic tail in water.


Message History

You feel yourself speed up.
The thrashing horror attacks as you move away!
The thrashing horror tramples you!
The thrashing horror closely misses you.
The thrashing horror attacks as you move away!
The thrashing horror barely misses you.
The thrashing horror tramples you but does no damage.
Your legs become a tail as you enter the water.
The thrashing horror tramples you but does no damage. x2
The thrashing horror attacks as you move away!
The thrashing horror tramples you!
The thrashing horror tramples you but does no damage. x2
The thrashing horror misses you.
The thrashing horror attacks as you move away!
The thrashing horror closely misses you. x2
The thrashing horror tramples you.
You hold your ground!
The thrashing horror barely misses you.
The thrashing horror attacks as you move away!
The thrashing horror barely misses you. x2
The thrashing horror tramples you.
* * * LOW HITPOINT WARNING * * *
You hold your ground!
The thrashing horror tramples you.
* * * LOW HITPOINT WARNING * * *
You stumble backwards!
The thrashing horror attacks as you move away!
The thrashing horror closely misses you.
The thrashing horror tramples you but does no damage.
The thrashing horror tramples you.
* * * LOW HITPOINT WARNING * * *
You stumble backwards!
The thrashing horror tramples you but does no damage.
The thrashing horror barely misses you.
The thrashing horror attacks as you move away!
The thrashing horror tramples you but does no damage.
The thrashing horror misses you. The thrashing horror tramples you!
* * * LOW HITPOINT WARNING * * *
You stumble backwards!
The thrashing horror attacks as you move away!
The thrashing horror tramples you.
You die...

.# ..### ##.###.#.#
.## ###......#.##
.. ..##..#..#.# .#
#.#..##...#####.#
#.
#..##..###......##
#.......##..#...#.#
##.X#..#####. ....
#@#.....#..#.## ##
#.....#.....#. . .
.#.
#..##..##..#..###
....# ..
.###...##..#####...
## #..##.#. .#..
### # #..# #.#..
####. ##


You could see a thrashing horror.

Vanquished Creatures
  A kobold brigand (D:5)
  A sleepcap (D:4)
  10 adders
  A dart slug (D:1)
  4 orcs
  8 bats
  8 endoplasms
  4 giant cockroaches
  6 goblins
  4 hobgoblins
  A quokka (D:4)
  2 ball pythons
  3 frilled lizards
  14 kobolds
  3 rats
70 creatures vanquished.

Notes
Turn   | Place    | Note
-------+----------+-------------------------------------------
     0 | D:1      | selver the Merfolk Gladiator began the quest for the Orb.
     0 | D:1      | Reached XP level 1. HP: 16/16 MP: 1/1
    59 | D:1      | Reached skill level 4 in Long Blades
    84 | D:1      | Reached XP level 2. HP: 16/22 MP: 2/2
   222 | D:1      | You fall into a shaft and drop 1 floor!
   303 | D:2      | Reached skill level 5 in Long Blades
   303 | D:2      | Reached XP level 3. HP: 26/27 MP: 3/3
  1082 | D:2      | Reached XP level 4. HP: 27/29 MP: 4/4
  1089 | D:2      | Reached skill level 6 in Long Blades
  1855 | D:3      | Identified the +5 war axe of Duty {heavy, Stlth+}
  1910 | D:3      | Reached XP level 5. HP: 34/38 MP: 5/5
  2206 | D:4      | Reached skill level 7 in Long Blades
  2591 | D:4      | Found a hide-covered altar of Uskayaw.
  2592 | D:4      | Found a stormy altar of Qazlal.
  2593 | D:4      | Found a blossoming altar of Fedhas.
  2694 | D:4      | Identified the +8 hand axe of Debt {protect, Fly rN+}
  2756 | D:5      | Entered Level 5 of the Dungeon
  2762 | D:5      | Noticed a kobold brigand
  2778 | D:5      | Killed a kobold brigand
  2779 | D:5      | Reached skill level 8 in Long Blades
  2779 | D:5      | Reached XP level 6. HP: 44/44 MP: 6/6
  2796 | Abyss:1  | Cast into level 1 of the Abyss (orc)
  2799 | Abyss:1  | Found a corrupted altar of Lugonu.
  2835 | Abyss:1  | Noticed a starcursed mass
  2841 | Abyss:1  | Found a corrupted altar of Lugonu.
  2841 | Abyss:1  | Noticed a large abomination
  2842 | Abyss:1  | Noticed a thrashing horror
  2878 | Abyss:1  | HP: 1/44 [thrashing horror (9)]
  2879 | Abyss:1  | Slain by a thrashing horror

Illustrated notes

Levels and vault maps discovered:
D:1:      minmay_arrival_stone_box, layout_loops_ring, reono_crystal_passage
D:2:      layout_basic, corner_web_ring, minmay_pentomino_q2
D:3:      layout_basic
D:4:      layout_gridville, chequers_temple_overflow_statue_of_worship,
          minmay_crystal_water, dk_noncrumbling_3
D:5:      layout_basic, nicolae_overflow_hidden_temple,
          gup_ossuary_entry_pyramid, uniq_edmund
Abyss:1:  base: Ossuary, spicy_abyss_pitcher_plant

Skill      XL: |  1  2  3  4  5 |
---------------+----------------+-----
Long Blades    | 4 5 6 8 |  8.1
Fighting       | |  2.1
Throwing       | |  2.0
Dodging        | |  4.0

Action                     |  1- 3 |  4- 6 || total
---------------------------+-------+-------++-------
  Melee: Long sword        |    71 |   134 ||   205
         Punch             |       |     4 ||     4
    Use: Scroll            |       |     5 ||     5
         Potion            |       |     2 ||     2
 Armour: Leather armour    |    14 |       ||    14
         Chain mail        |     9 |    88 ||    97
  Dodge: Dodged            |    35 |    73 ||   108

Table legend: (Time is in decaauts)
 A = Elapsed time spent in this place.
 B = Non-inter-level travel time spent in this place.
 C = Inter-level travel time spent in this place.
 D = Time resting spent in this place.
 E = Time spent auto-exploring this place.
 F = Levels seen in this place.
 G = Mean time per level.
                   A        B        C        D        E       F      G
               +--------+--------+--------+--------+--------+-----+--------+
         Total |   2881 |   2817 |     64 |    162 |   2066 |   6 |  480.2 |
       Dungeon |   2811 |   2747 |     64 |    162 |   2066 |   5 |  562.2 |
         Abyss |     69 |     69 |      0 |      0 |      0 |   1 |   69.0 |
               +--------+--------+--------+--------+--------+-----+--------+

Top non-repeatable levels by time:
     D:2: 890 daAuts
     D:1: 687 daAuts
     D:4: 651 daAuts
     D:3: 542 daAuts
 Abyss:1: 69 daAuts
     D:5: 40 daAuts
